 Dungeon Crawl Stone Soup version 0.31-a0-876-gfe8ebadbca (webtiles) character file.

Game seed: 4645923120441748555

383 greenreed the Cudgeller (level 6, -1/93 HPs)
             Began as a Troll Berserker on Oct 13, 2023.
             Was a Priest of Trog.
             Slain by an orc
             ... wielding a +0 trident
              (7 damage)
             ... on level 4 of the Dungeon.
             The game lasted 00:05:22 (2121 turns).

greenreed the Cudgeller (Troll Berserker)           Turns: 2121, Time: 00:05:22

Health: -1/93      AC:  4    Str: 28    XL:     6   Next: 47%
Magic:  5/5        EV: 10    Int:  3    God:    Trog [***...]
Gold:   177        SH:  0    Dex:  9    Spells: 5/5 levels left

rFire   . . .        a - +0 mace
rCold   . . .        (no shield)
rNeg    . . .        b - +0 animal skin
rPois   .            (helmet restricted)
rElec   .            (no cloak)
rCorr   .            (gloves unavailable)
SInv    +            (boots unavailable)
Will    .....        (no amulet) Stlth
                     i - ring of see invisible
HPRegen 1.15/turn    (no ring)
MPRegen 0.09/turn

%: no passive effects
@: berserking, very quick
A: large, unfitting armour, claws 3, regeneration 1, shaggy fur 1, tough skin 1
a: Renounce Religion, Berserk, Trog's Hand


You were on level 4 of the Dungeon.
You worshipped Trog.
Trog was most pleased with you.
You visited 1 branch of the dungeon, and saw 4 of its levels.

You collected 177 gold pieces.

Inventory:

Hand Weapons
 a - a +0 mace (weapon)
Armour
 b - a +0 animal skin (worn)
Jewellery
 i - a ring of see invisible (left claw)
Wands
 o - a wand of paralysis (6)
Scrolls
 c - a scroll of amnesia {unknown}
 d - a scroll of vulnerability {unknown}
 h - 2 scrolls of identify {unknown}
 j - a scroll of fog {unknown}
 k - a scroll of noise {unknown}
 m - a scroll of silence {unknown}
 r - a scroll of enchant weapon {unknown}
 t - a scroll of butterflies {unknown}
Potions
 e - 4 potions of curing {unknown}
 f - 2 potions of enlightenment {unknown}
 g - 3 potions of heal wounds {unknown}
 l - a potion of mutation {unknown}
 n - 2 potions of haste {unknown}
 p - a potion of might {unknown}
 q - 2 potions of magic {unknown}
 s - a potion of lignification {unknown}


   Skills:
 * Level 4.2 Fighting
 * Level 4.7 Maces & Flails
 + Level 3.4 Dodging


You had 5 spell levels left.
You didn't know any spells.
Your spell library was empty.

Dungeon Overview and Level Annotations

Branches:
Dungeon (4/15)             Temple (0/1) D:4

Altars:


Innate Abilities, Weirdness & Mutations

You are too large for most types of armour.
You have claws for hands.
Your natural rate of healing is unusually fast.
You are covered in fur. (AC +1)
You have tough skin. (AC +1)


Message History

The orc barely misses you. The orc hits you but does no damage.
The orc hits you with a +4 mace! The orc misses you. The orc barely misses you.
You hit the orc.
You kill the orc!
Trog accepts your kill. The orc closely misses you.
The orc hits you from afar with a +0 trident.
You hit the orc but do no damage. The orc hits you with a +0 flail.
The orc barely misses you.
You are too injured to fight recklessly!
You are too injured to fight recklessly!
You are too injured to fight recklessly!
You are too injured to fight recklessly!
You are too injured to fight recklessly!
You barely miss the orc. The orc closely misses you.
The orc hits you from afar with a +0 trident.
You closely miss the orc. The orc hits you with a +0 flail.
The orc closely misses you.
You barely miss the orc. The orc barely misses you. x2
You barely miss the orc. The orc hits you with a +0 flail!
The orc hits you from afar with a +0 trident!
* * * LOW HITPOINT WARNING * * *
The orc hits you with a +0 flail!
* * * LOW HITPOINT WARNING * * *
The orc closely misses you.
You barely miss the orc. The orc closely misses you.
The orc hits you but does no damage.
A red film seems to cover your vision as you go berserk!
You feel yourself moving faster!
You feel mighty! The orc hits you with a +0 flail.
* * * LOW HITPOINT WARNING * * *
The orc hits you from afar with a +0 trident.
* * * LOW HITPOINT WARNING * * *
You closely miss the orc. You barely miss the orc. The orc misses you.
The orc hits you from afar with a +0 trident.
* * * LOW HITPOINT WARNING * * *
You barely miss the orc. The orc misses you.
The orc hits you from afar with a +0 trident!
You die...

#.....#..... #. ..
#.......###. ##.##.
#.#.##...... ......
#.#.......#. ....#
#.#..#..#.#. ....
######........... #..
#.....###.#......
#####..##.....###.#.....>
......oo@......).#.......
###.##.##.....###.#......
#. #.....# ##....... ..
#.##### #....... ### #.#
#.###### #.# #.# ..# #.#
## #.# #.#


You could see 2 orcs.

Vanquished Creatures
  A phantom (D:4)
  A jelly (D:4)
  Ijyb (D:3)
  Terence (D:2)
  2 orc wizards (D:4)
  Robin (D:2)
  4 gnolls (D:4)
  2 adders (D:4)
  A worm (D:2)
  7 orcs
  7 endoplasms
  4 giant cockroaches
  15 goblins
  11 hobgoblins
  4 jackals (D:1)
  3 quokkas
  5 ball pythons
  5 bats
  6 frilled lizards
  10 kobolds
  8 rats
99 creatures vanquished.

Notes
Turn   | Place    | Note
-------+----------+-------------------------------------------
     0 | D:1      | greenreed the Troll Berserker began the quest for the Orb.
     0 | D:1      | Reached XP level 1. HP: 22/22 MP: 0/0
    82 | D:1      | Reached XP level 2. HP: 29/29 MP: 1/1
   255 | D:1      | Reached ** piety under Trog
   422 | D:1      | Reached XP level 3. HP: 36/36 MP: 2/2
   480 | D:2      | Noticed Terence
   491 | D:2      | Killed Terence
   497 | D:2      | HP: 1/37 [poisoned by Terence]
   563 | D:2      | Noticed Robin
   661 | D:2      | Killed Robin
   662 | D:2      | Reached XP level 4. HP: 41/45 MP: 3/3
  1183 | D:3      | Noticed Ijyb
  1184 | D:3      | Paralysed by Ijyb for 5 turns
  1190 | D:3      | Paralysed by Ijyb for 3 turns
  1194 | D:3      | Killed Ijyb
  1269 | D:3      | Reached XP level 5. HP: 53/53 MP: 4/4
  1466 | D:3      | Reached *** piety under Trog
  1816 | D:4      | Found a staircase to the Ecumenical Temple.
  1963 | D:4      | Reached XP level 6. HP: 62/62 MP: 5/5
  2121 | D:4      | Slain by an orc

Illustrated notes

Levels and vault maps discovered:
D:1:      amcnicky_arrival_choice, layout_rooms
D:2:      layout_rooms, uniq_robin, uniq_terence
D:3:      layout_basic, uniq_ijyb
D:4:      layout_loops_cross, minmay_temple_entry_grid,
          minmay_large_rounded_square, nicolae_zen_rock_garden

Skill      XL: |  1  2  3  4  5 |
---------------+----------------+-----
Maces & Flails | 3 4 |  4.7
Fighting       | 3 4 |  4.2
Dodging        | 3 |  3.4

Action                     |  1- 3 |  4- 6 || total
---------------------------+-------+-------++-------
  Melee: Mace              |   118 |   197 ||   315
         Punch             |       |     1 ||     1
 Invoke: Berserk           |     1 |     2 ||     3
         Trog's Hand       |     1 |       ||     1
   Stab: Sleeping          |       |     1 ||     1
 Armour: Animal skin       |   122 |   171 ||   293
  Dodge: Dodged            |   122 |   114 ||   236

Table legend: (Time is in decaauts)
 A = Elapsed time spent in this place.
 B = Non-inter-level travel time spent in this place.
 C = Inter-level travel time spent in this place.
 D = Time resting spent in this place.
 E = Time spent auto-exploring this place.
 F = Levels seen in this place.
 G = Mean time per level.
                   A        B        C        D        E       F      G
               +--------+--------+--------+--------+--------+-----+--------+
         Total |   2200 |   2144 |     56 |     47 |   1432 |   4 |  550.0 |
       Dungeon |   2200 |   2144 |     56 |     47 |   1432 |   4 |  550.0 |
               +--------+--------+--------+--------+--------+-----+--------+

Top non-repeatable levels by time:
     D:3: 741 daAuts
     D:2: 534 daAuts
     D:1: 479 daAuts
     D:4: 445 daAuts
